Construct Infanterie Kompanie
Construct Panzergrenadier Kompanie
Selects Mechanized Battlegroup
Selects Mobile Repair Stations
Pak 40 Anti-tank Gun Team
Construct Panzer Kompanie
Selects StuG Assault Group
Selects 8 Rad Armored Car
Selects UNKNOWN (2160084)
Selects Wespe Self-propelled Artillery
Wespe Self-propelled Artillery
Selects Mechanized Assault
Infanterie Officer Quarters
Panzergrenadier Officer Quarters